 Dungeon Crawl Stone Soup version 0.18-a0-1685-g4482fe3 (webtiles) character file.

6276 namelastname112 the Prestidigitator (level 10, -4/79 HPs)
             Began as a Pale Draconian Warper on Apr 4, 2016.
             Was a Priest of Dithmenos.
             Slain by an unseen horror (11 damage)
             ... on level 10 of the Dungeon.
             The game lasted 00:16:25 (9585 turns).

namelastname112 the Prestidigitator (DrWr)          Turns: 9585, Time: 00:16:25

Health: -4/79      AC: 10    Str: 12    XL:     10   Next: 63%
Magic:  14/16      EV: 16    Int: 13    God:    Dithmenos [***...]
Gold:   572        SH:  0    Dex: 14    Spells: 3 memorised, 6 levels left

rFire  . . .     SeeInvis .     s - +3 dagger (venom)
rCold  . . .     Gourm    .     (armour unavailable)
rNeg   . . .     Faith    .     (no shield)
rPois  +         Spirit   .     (helmet restricted)
rElec  .         Dismiss  .     B - +2 cloak {+Inv}
rCorr  .         Reflect  .     (no gloves)
SustAt .         Harm     .     (no boots)
MR     .....                    (no amulet)
Stlth  ++++......               (no ring)
                                M - ring of poison resistance

@: very slightly contaminated, wreathed by umbra, drained, invisible, not
resistant to hostile enchantments, stealthy
A: breathe steam, unfitting armour, frail 1, poison resistance, weak 1,
cold-blooded, AC +7
a: Breathe Steam, Shadow Step, Renounce Religion, Turn Visible


You were on level 10 of the Dungeon.
You worshipped Dithmenos.
Dithmenos was most pleased with you.
You were not hungry.

You visited 2 branches of the dungeon, and saw 11 of its levels.

You collected 608 gold pieces.
You spent 36 gold pieces at shops.

Inventory:

Hand Weapons
 s - a +3 dagger of venom (weapon)
Missiles
 d - 4 tomahawks of dispersal (quivered)
Armour
 B - a +2 cloak of invisibility (worn)
Jewellery
 u - an uncursed ring of ice
 M - a ring of poison resistance (left hand)
Wands
 e - a wand of slowing (29/48)
 h - a wand of paralysis (12/24)
 w - a wand of digging (21/24)
 z - a wand of digging (14/24)
 A - a wand of enslavement (16/24)
 H - a wand of lightning (7/15)
Scrolls
 c - 2 scrolls of blinking
 i - 4 scrolls of identify
 k - 4 scrolls of enchant armour
 o - 2 scrolls of magic mapping
 v - a scroll of recharging
 N - a scroll of remove curse
Potions
 m - a potion of berserk rage
 n - a potion of cure mutation
 p - 8 potions of curing
 E - a potion of cancellation
 J - 3 potions of haste
 K - a potion of agility
Books
 a - a book of Power

   Spells                             Type                      Level
   a - Fulminant Prism                Conjuration/Hexes            4
   b - Iskenderun's Mystic Blast      Conjuration                  4
   c - Venom Bolt                     Conjuration/Poison           5
   d - Bolt of Magma                  Conjuration/Fire/Earth       5
   e - Iron Shot                      Conjuration/Earth            6
   f - Orb of Destruction             Conjuration                  7
   g - Spellforged Servitor           Conjuration/Summoning        7
 b - a book of Spatial Translocations

   Spells                             Type                      Level
   a - Apportation                    Translocation                1
   b - Blink                          Translocation                2
   c - Shroud of Golubria             Charms/Translocation         2
   d - Portal Projectile              Translocation                3
   e - Teleport Other                 Translocation                3
   f - Passage of Golubria            Translocation                4
 j - a book of the Dragon

   Spells                             Type                      Level
   a - Flame Tongue                   Conjuration/Fire             1
   b - Cause Fear                     Hexes                        4
   c - Bolt of Fire                   Conjuration/Fire             6
   d - Dragon Form                    Transmutation                7
   e - Dragon's Call                  Summoning                    9
 q - a book of Debilitation

   Spells                             Type                      Level
   a - Corona                         Hexes                        1
   b - Slow                           Hexes                        2
   c - Gell's Gravitas                Hexes/Translocation          3
   d - Inner Flame                    Hexes/Fire                   3
   e - Cause Fear                     Hexes                        4
   f - Leda's Liquefaction            Hexes/Earth                  4
 I - a book of Party Tricks

   Spells                             Type                      Level
   a - Summon Butterflies             Summoning                    1
   b - Apportation                    Translocation                1
   c - Tukima's Dance                 Hexes                        3
   d - Alistair's Intoxication        Transmutation/Poison         5
   e - Invisibility                   Hexes                        6
Comestibles
 f - 6 bread rations
 g - 6 beef jerkies
 l - 5 meat rations
 r - a chunk of flesh
 x - 7 fruits


   Skills:
 + Level 8.1(8.0) Fighting
 + Level 5.1(6.0) Short Blades
   Level 4.9(5.9) Long Blades
 - Level 0.8 Throwing
 + Level 6.8(6.7) Dodging
 * Level 7.0(6.9) Stealth
 - Level 2.0(1.9) Spellcasting
 + Level 3.7(3.6) Translocations
 * Level 8.3(8.2) Evocations


You had 6 spell levels left.
You knew the following spells:

 Your Spells              Type           Power        Failure   Level  Hunger
a - Apportation           Tloc           ##........   8%          1    ##.....
b - Blink                 Tloc           N/A          10%         2    ###....
c - Passage of Golubria   Tloc           N/A          63%         4    #####..


Dungeon Overview and Level Annotations

Branches:
Dungeon (10/15)            Temple (1/1) D:5            Lair (0/8) D:10
    Orc: D:9-12

Altars:
Ashenzari
Cheibriados
Dithmenos
Elyvilon
Fedhas
Gozag
Kikubaaqudgha
Makhleb
Nemelex Xobeh
Okawaru
Pakellas
Qazlal
Ru
Sif Muna
Trog
Vehumet
Xom
Yredelemnul
Zin
The Shining One

Shops:
D:4 !   D:10 :

Portals:
Trove: D:10 (give +6 ice dragon armour)

Annotations:
D:2 Ijyb
D:3 4thArraOfDagon's ghost, amateur HOBe


Innate Abilities, Weirdness & Mutations

You can breathe blasts of scalding, opaque steam.
Your pale cyan-grey scales are hard (AC +7).
Your body does not fit into most forms of armour.
You are cold-blooded and may be slowed by cold attacks.
You are frail (-10% HP).
Your system is resistant to poisons.
You are weak. (Str -2)


Message History

* * * LOW HITPOINT WARNING * * *
You fade into invisibility!
You are very lightly contaminated with residual magic.
You feel somewhat more hungry. Something hits you!
* * * LOW HITPOINT WARNING * * *
Read which item? (? for menu, Esc to quit)
Okay, then.
Unknown command.
Read which item? (? for menu, Esc to quit)
Blink to where?
Press: ? - help, Dir - move target cursor
As you read the scroll of blinking, it crumbles to dust.
As you open the door, it creaks loudly! Something hits you but does no damage.
Something hits you.
* * * LOW HITPOINT WARNING * * *
There is an open door here.
You have got your breath back.
Something barely misses you.
You close the door.
Something hits you!
You die...

#.....###........!...............
#.....# #............###.........
......# #............# ########..
......# #...........####.# #..
......###...........#.#.# #..
......................%.# #..
............).......#.#.# #..
....).......###+########.# ###
............#...@....######## #..
+###.......[#...............# ...
...#......).#...............# ...
...#........#...............# ...
...#......))#...............# ...
...'........#...............# ...
...#........#...............# ...
...#........#......##.....#######
####........####'####.....#......


There were no monsters in sight!

Vanquished Creatures
  Erica (D:8)
  Grinder (D:5)
  Sigmund (D:5)
  10 yaks
  A wyvern (D:8)
  2 hippogriffs (D:7)
  2 ice beasts (D:10)
  An orc warrior (D:10)
  2 black bears
  A sky beast (D:10)
  3 ogres
  A centaur (D:7)
  A phantom (D:7)
  2 necrophages
  A big kobold (D:8)
  3 giant frogs
  5 scorpions
  8 killer bees
  A spriggan skeleton (D:10)
  4 wights (D:10)
  4 crimson imps
  A giant frog zombie (D:9)
  A centaur zombie (D:6)
  Crazy Yiuf (D:5)
  2 giant frog skeletons (D:5)
  8 hounds
  A centaur skeleton (D:10)
  3 orc priests
  A jelly (D:6)
  5 orc wizards
  4 worker ants
  A hound zombie (D:8)
  2 worker ant zombies
  4 gnolls
  10 adders
  3 adder skeletons
  An adder zombie (D:8)
  2 worms
  3 dart slugs
  7 giant geckos
  24 orcs
  4 ball pythons
  5 giant cockroaches
  3 goblins
  6 hobgoblins
  14 jackals
  13 kobolds
  2 quokkas
  7 bats
  A giant gecko skeleton (D:8)
  10 giant newts
  A quokka skeleton (D:5)
  7 rats
212 creatures vanquished.

Vanquished Creatures (others)
  A giant frog (D:8)
1 creature vanquished.

Grand Total: 213 creatures vanquished

Notes
Turn   | Place    | Note
--------------------------------------------------------------
     0 | D:1      | namelastname112 the Draconian Warper began the quest for the Orb.
     0 | D:1      | Reached XP level 1. HP: 17/17 MP: 3/3
   321 | D:1      | Reached XP level 2. HP: 25/25 MP: 5/5
   347 | D:1      | Learned a level 2 spell: Blink
   863 | D:2      | Noticed Ijyb
  1013 | D:2      | Reached XP level 3. HP: 30/31 MP: 6/6
  1216 | D:3      | Noticed 4thArraOfDagon's ghost (amateur HOBe)
  1911 | D:3      | Reached XP level 4. HP: 34/38 MP: 7/7
  2293 | D:3      | Learned a level 4 spell: Passage of Golubria
  2517 | D:2      | Found an oddly glowing altar of Pakellas.
  2777 | D:4      | Reached XP level 5. HP: 41/46 MP: 8/8
  2786 | D:4      | Found Toduil's Distillery.
  2793 | D:4      | Bought a potion of curing for 36 gold pieces
  2989 | D:4      | Found a shattered altar of Ashenzari.
  3246 | D:5      | Entered Level 5 of the Dungeon
  3328 | D:5      | Noticed Grinder
  3328 | D:5      | Paralysed by Grinder for 7 turns
  3343 | D:5      | Killed Grinder
  3343 | D:5      | Reached XP level 6. HP: 55/55 MP: 9/9
  3625 | D:5      | Found a stormy altar of Qazlal.
  3659 | D:5      | Found a glowing golden altar of the Shining One.
  3659 | D:5      | Found an opulent altar of Gozag.
  3660 | D:5      | Found a snail-covered altar of Cheibriados.
  3660 | D:5      | Found a radiant altar of Vehumet.
  3689 | D:5      | Found a staircase to the Ecumenical Temple.
  3837 | D:5      | Reached skill level 5 in Fighting
  4048 | D:5      | Noticed Sigmund
  4057 | D:5      | Killed Sigmund
  4057 | D:5      | Your scales start taking on a pale cyan-grey colour.
  4057 | D:5      | Reached XP level 7. HP: 55/61 MP: 10/10
  4180 | D:5      | Noticed Crazy Yiuf
  4185 | D:5      | Killed Crazy Yiuf
  4195 | D:5      | xeno23: хехе
  4605 | Temple   | Entered the Ecumenical Temple
  4853 | Temple   | Became a worshipper of Dithmenos the Shadowed
  5121 | D:6      | Reached skill level 1 in Stealth
  5253 | D:6      | Found a burning altar of Makhleb.
  5331 | D:6      | Reached skill level 1 in Short Blades
  5331 | D:6      | Reached skill level 5 in Dodging
  5331 | D:6      | Reached skill level 1 in Evocations
  5515 | D:6      | Reached XP level 8. HP: 70/70 MP: 11/11
  5919 | D:7      | Reached * piety under Dithmenos
  6039 | D:7      | Found a deep blue altar of Sif Muna.
  6261 | D:7      | Reached XP level 9. HP: 73/78 MP: 12/12
  6516 | D:8      | Reached skill level 5 in Evocations
  6586 | D:8      | Noticed Erica
  6606 | D:8      | Killed Erica
  6606 | D:8      | Reached skill level 5 in Stealth
  7202 | D:8      | Found a shimmering altar of Xom.
  7235 | D:8      | Reached XP level 10. HP: 70/86 MP: 15/15
  7240 | D:8      | Reached ** piety under Dithmenos
  7283 | D:8      | Found a sparkling altar of Nemelex Xobeh.
  7567 | D:9      | Found a white marble altar of Elyvilon.
  8094 | D:9      | Gained mutation: You are frail (-10% HP). [potion of mutation]
  8094 | D:9      | Gained mutation: You are weak. (Str -2) [potion of mutation]
  8094 | D:9      | Gained mutation: Your system is resistant to poisons. [potion of mutation]
  8132 | D:10     | Entered Level 10 of the Dungeon
  8170 | D:10     | Found a portal to a secret trove of treasure.
  8764 | D:10     | Found a staircase to the Lair.
  8921 | D:10     | Reached *** piety under Dithmenos
  9090 | D:10     | Reached skill level 5 in Short Blades
  9532 | D:10     | Found Jerew's Book Shop.
  9578 | D:10     | xeno23: ансин
  9578 | D:10     | namelastname112: да
  9578 | D:10     | namelastname112: я врубил
  9578 | D:10     | xeno23: инвокай плащ?
  9578 | D:10     | namelastname112: думаю вль
  9578 | D:10     | namelastname112: вот
  9585 | D:10     | Slain by an unseen horror

Vault maps used:
D:1:      dpeg_arrival_pits
D:2:      overflow_temple_1_default, minmay_lizard_king, uniq_iyjb
D:3:      serial_park_tiny_pond
D:4:      serial_shops, nicolae_shop_trees, ashenzari_altar_1
D:5:      grunt_qazlal_clouds, grunt_temple_overflow_open, temple_statues,
          first_bread, uniq_grinder, uniq_sigmund, uniq_crazy_yiuf_cottage
D:6:      bloody_makhleb, hex_intersection
D:7:      led_sif_pool
D:8:      lemuel_coloured_pillars_altar, nicolae_overflow_hidden_temple,
          uniq_erica
D:9:      elyvilon_altar_5
D:10:     lair_0_dummy, serial_shops, shop_fountains, enter_trove_0,
          hangedman_tell_no_tales
Temple:   hc_temple_tempest_star

Skill      XL: |  1  2  3  4  5  6  7  8  9 10 |
---------------+-------------------------------+-----
Fighting       | 3 4 5 6 7 8 |  8.1
Dodging        | 3 4 5 6 |  6.8
Long Blades    | 3 4 |  4.9
Stealth        | 1 4 5 7 |  7.0
Short Blades   | 1 2 4 5 |  5.1
Evocations     | 2 4 6 8 |  8.3
Throwing       | |  0.8
Spellcasting   | |  2.0
Translocations | |  3.7

Action                   |  1- 3 |  4- 6 |  7- 9 | 10-12 || total
-------------------------+-------+-------+-------+-------++-------
Melee: Falchion          |   118 |       |       |       ||   118
       Dagger            |    37 |   184 |   293 |   215 ||   729
       Unarmed           |       |     3 |       |       ||     3
Throw: Tomahawk          |       |       |     1 |       ||     1
 Abil: Breathe Steam     |       |       |    22 |    18 ||    40
       Evoke Invisibilit |       |       |     2 |     2 ||     4
  Use: Potion            |       |     4 |     1 |     2 ||     7
       Scroll            |       |       |       |    19 ||    19
 Stab: Sleeping          |       |     1 |     3 |     7 ||    11
       Invisible         |       |       |     6 |     2 ||     8
  Eat: Chunk             |     3 |     7 |    12 |     5 ||    27
       Royal jelly       |       |       |     1 |     1 ||     2
       Pizza             |       |       |       |     2 ||     2
